 Dungeon Crawl Stone Soup version 0.22-a0-348-gd16d139 (webtiles) character file.

43612 Amnesiac the Necromancer (level 13, -4/72 HPs)
             Began as a Deep Elf Necromancer on Apr 12, 2018.
             Was a High Priest of Sif Muna.
             Killed by mirror damage (17 damage)
             ... on level 13 of the Dungeon.
             The game lasted 00:58:29 (18602 turns).

Amnesiac the Necromancer (Deep Elf Necromancer)    Turns: 18602, Time: 00:58:30

Health: -4/72      AC: 14    Str:  5    XL:     13   Next: 91%
Magic:  0/36       EV: 15    Int: 26    God:    Sif Muna [*****.]
Gold:   545        SH:  0    Dex: 15    Spells: 7/47 levels left

rFire    + . .     SeeInvis +   b - +3 falchion (elec)
rCold    . . .     Gourm    .   (no shield)
rNeg     . . .     Faith    .   m - +1 robe {MR+}
rPois    .         Spirit   +   q - +1 helmet {SInv}
rElec    .         Reflect  .   t - +0 cloak
rCorr    .         Harm     .   l - +0 pair of gloves
MR       ++...                  H - +0 pair of boots
Stlth    ++........             L - amulet of guardian spirit
HPRegen  0.22/turn              s - +6 ring of protection
MPRegen  0.25/turn              S - ring of protection from fire

@: divine energy
A: no striking features
a: Stop Divine Energy, Channel Magic, Forget Spell, Renounce Religion


You were on level 13 of the Dungeon.
You worshipped Sif Muna.
Sif Muna was extremely pleased with you.
You were not hungry.

You visited 3 branches of the dungeon, and saw 18 of its levels.

You collected 1683 gold pieces.
You spent 1138 gold pieces at shops.

Inventory:

Hand Weapons
 a - a +2 dagger of pain
 b - a +3 falchion of electrocution (weapon)
 F - the +9 staff of Olgreb {rPois}
   (You found it on level 7 of the Dungeon)

   It protects you from poison.
Missiles
 A - 68 stones
 C - 61 poisoned needles
 I - 2 throwing nets (quivered)
Armour
 l - a +0 pair of gloves (worn)
 m - a +1 robe of magic resistance (worn)
 q - a +1 helmet of see invisible (worn)
 t - a +0 cloak (worn)
 H - a +0 pair of boots (worn)
Jewellery
 f - a +1 ring of evasion {unknown}
 s - a +6 ring of protection (left hand)
 z - an uncursed ring of poison resistance
 L - an amulet of guardian spirit (around neck)
 M - an uncursed amulet of harm {unknown}
 S - a ring of protection from fire (right hand)
Wands
 w - a wand of paralysis (40)
 y - a wand of disintegration (8)
 B - a wand of polymorph (29)
 P - a wand of flame (25)
Scrolls
 d - 8 scrolls of remove curse {!r}
 e - 2 scrolls of enchant armour {!r}
 g - 2 scrolls of magic mapping {!r}
 h - 4 scrolls of fog {!r, unknown}
 u - 3 scrolls of noise {!r, unknown}
 v - 2 scrolls of teleportation {!r}
 D - 3 scrolls of enchant weapon {!r}
 E - 2 scrolls of fear {!r}
 K - a scroll of silence {!r}
 N - 2 scrolls of amnesia {!r}
 Q - a scroll of holy word {!r}
 T - 2 scrolls of vulnerability {!r}
Potions
 i - a potion of brilliance {!q}
 j - a potion of might {!q}
 k - 2 potions of flight {!q}
 n - 2 potions of resistance {!q}
 o - a potion of curing {!q}
 p - 2 potions of agility {!q}
 r - 2 potions of lignification {!q}
 G - a potion of berserk rage {!q}
 J - a potion of invisibility {!q}
 O - 3 potions of mutation {!q}
Comestibles
 c - 32 rations


   Skills:
 - Level 5.0 Fighting
 - Level 5.0 Dodging
 - Level 2.4 Stealth
 + Level 17.6 Spellcasting
 * Level 19.1 Necromancy
 - Level 8.0 Invocations


You had 7 spell levels left.
You knew the following spells:

 Your Spells              Type           Power        Failure   Level  Hunger
a - Bolt of Draining      Conj/Necr      ######....   1%          5    None
b - Animate Dead          Necr           N/A          0%          4    None
c - Infestation           Necr           #######...   5%          8    ######.
d - Dispel Undead         Necr           #######.     1%          5    None
e - Borgnjor's Vile Clut  Necr/Erth      ######....   1%          5    None
f - Haunt                 Necr/Summ      ######....   34%         7    #####..
r - Regeneration          Chrm/Necr      ######....   1%          3    None
w - Vampiric Draining     Necr           #######...   0%          3    None


Dungeon Overview and Level Annotations

Branches:
Dungeon (15/15)            Temple (0/1) D:5            Lair (0/6) D:8
    Orc (2/2) D:10            Elf (1/3) Orc:2
 Vaults: D:13-14     Depths: D:15

Altars:
Ashenzari
Cheibriados
Fedhas
Gozag
Hepliaklqana
Kikubaaqudgha
Nemelex Xobeh
Okawaru
Qazlal
Ru
Sif Muna
Trog
Uskayaw
Vehumet
Xom
Yredelemnul
Zin
The Shining One
Beogh

Shops:
D:6 =[[[   Orc:2 =[(*(:*%=

Annotations:
D:3 Amnesiac's ghost, amateur SpWz
D:7 1 runed door


Message History

Really read
E - 4 scrolls of fear {!r}?
As you read the scroll of fear {!r}, it crumbles to dust.
You assume a fearsome visage.
The death knight looks frightened!
The centaur warrior looks frightened!
The centaur looks frightened!
Okay, then.
Really quaff
o - 2 potions of curing {!q}?
You feel better.
Casting: Vampiric Draining (safe; 0% risk of failure)
Confirm with . or Enter, or press ? or * to list all spells.
Aiming: Vampiric Draining (safe; 0% risk of failure)
Press: ? - help, Shift-Dir - straight line, f - centaur
Aim: a centaur The centaur is moderately wounded.
You feel life coursing into your body. Sif Muna grants you divine energy.
You briefly lose access to your magic!
The centaur hits you but does no damage.
The centaur closely misses you.
You riposte.
You hit the centaur. Lightning courses through the centaur!
The centaur is almost dead.
You feel somewhat more hungry.
The centaur hits you but does no damage.
You hit the centaur.
You kill the centaur!
Sif Muna accepts your kill.
You regain access to your magic.
The death knight seems to regain its courage.
Really read
E - 3 scrolls of fear {!r}?
As you read the scroll of fear {!r}, it crumbles to dust.
You assume a fearsome visage.
The death knight looks frightened!
The centaur warrior looks frightened!
The sky beast looks frightened!
You feel less invigorated.
The death knight offers itself to Yredelemnul, and fills with unholy energy.
Casting: Vampiric Draining (safe; 0% risk of failure)
Confirm with . or Enter, or press ? or * to list all spells.
Aiming: Bolt of Draining (safe; 1% risk of failure)
Press: ? - help, Shift-Dir - straight line, f - sky beast
Aim: a sky beast (fleeing)
The bolt of negative energy hits the sky beast.
The sky beast is drained!
The sky beast is almost dead.
Your attack snaps the sky beast out of its fear.
Unknown command.
Casting: Bolt of Draining (safe; 1% risk of failure)
Confirm with . or Enter, or press ? or * to list all spells.
Aiming: Bolt of Draining (safe; 1% risk of failure)
Press: ? - help, Shift-Dir - straight line, f/p - sky beast
Aim: a sky beast (almost dead, lightly drained, fleeing)
The bolt of negative energy hits the sky beast.
The sky beast is drained!
You kill the sky beast!
Sif Muna accepts your kill.
Unknown command.
Casting: Bolt of Draining (safe; 1% risk of failure)
Confirm with . or Enter, or press ? or * to list all spells.
Aiming: Bolt of Draining (safe; 1% risk of failure)
Press: ? - help, Shift-Dir - straight line, f - death knight
Aim: a death knight, wielding a halberd and wearing a chain mail (fleeing, reflecting injuries)
The bolt of negative energy hits the death knight.
The death knight is drained!
The death knight is heavily wounded.
Your attack snaps the death knight out of its fear.
The death knight reflects your damage back at you!
You die...

######### ..#.##..###
...##.....### ###
#.#.###..#..#####.#
#.#..........##.#.####
.............#.#.##..#
................@#.###
..........[...).#.)#.#
................###(.##
................#....p#### #
.....................#(#.#.##
...........†..........#.....#
.......................(...##
...........................#
..(....... ............c...#


You could see a death knight.

Vanquished Creatures
  An orc warlord (Orc:1)
  The ghost of Klosterheim the Grappler, a journeyman DrTm of Sif Muna (Orc:1)
  An ettin (Orc:2)
  2 centaur warriors (D:13)
  2 two-headed ogres
  An orc high priest (Orc:2)
  Nergalle (Orc:2)
  3 skeletal warriors (D:15)
  An unseen horror (D:12)
  The ghost of Regeox the Cudgeler, a novice HOFi of Okawaru (D:6)
  3 orc knights (Orc:2)
  Pikel (D:8)
  2 deep elf magi
  An ugly thing (D:12)
  2 cyclopes
  A manticore (D:15)
  The ghost of Amnesiac the Thaumaturge, a novice SpWz of Sif Muna (D:8)
  An elephant (D:8)
  2 centaur zombies
  An ice statue (D:11)
  2 molten gargoyles (D:12)
  A centaur skeleton (D:11)
  A kobold demonologist (D:12)
  A komodo dragon (D:13)
  4 yaktaurs (D:15)
  7 trolls
  3 meliai (D:12)
  A hornet (D:10)
  4 hippogriffs
  A wyvern (D:13)
  27 yaks
  A basilisk (D:8)
  3 fire elementals (D:12)
  2 steam dragons
  A hungry ghost (D:7)
  10 two-headed ogre zombies (Orc:1)
  5 soldier ants
  3 wargs
  4 water moccasins
  3 hell hounds
  27 orc warriors
  3 porcupines (D:11)
  3 black bears
  3 ice beasts
  2 sky beasts
  12 ogres
  An eye of draining (D:11)
  A phantom (D:7)
  14 centaurs
  2 crocodiles (D:8)
  A big kobold (D:12)
  9 bullfrogs
  2 water moccasin skeletons (D:6)
  3 wights (D:10)
  25 killer bees
  5 howler monkeys
  2 crimson imps
  5 lava snakes (D:12)
  2 quasits
  A bullfrog skeleton (D:13)
  22 orc priests
  3 bullfrog zombies
  2 jellies
  22 orc wizards
  Crazy Yiuf (D:6)
  7 hounds
  2 iguanas
  Jessica (D:3)
  15 worker ants
  An ogre zombie (Orc:1)
  2 hound skeletons
  17 adders
  A gnoll (D:1)
  A howler monkey skeleton (D:9)
  A shadow imp (D:6)
  3 oozes
  An adder skeleton (D:5)
  2 adder zombies
  3 worms
  4 dart slugs
  12 leopard geckos
  71 orcs
  8 giant cockroaches
  10 goblins
  7 hobgoblins
  19 jackals
  7 kobolds
  A quokka (D:7)
  3 bats (D:1)
  5 frilled lizards
  A giant cockroach zombie (D:6)
  A jackal skeleton (D:7)
  A leopard gecko skeleton (D:7)
  A quokka zombie (D:7)
  8 rats
502 creatures vanquished.

Vanquished Creatures (collateral kills)
  Saint Roka (Orc:2)
  Frances (D:13)
  Azrael (D:13)
  2 orc sorcerers (Orc:2)
  An orc knight (Orc:2)
  A gargoyle (D:10)
  A troll (Orc:2)
  A wyvern (D:13)
  A yak (D:12)
  A fire elemental (D:12)
  A hell hound (D:13)
  3 orc warriors (Orc:2)
  An ice beast (D:10)
  2 orc priests (Orc:2)
  2 orcs (Orc:2)
20 creatures vanquished.

Vanquished Creatures (others)
  A yak (D:12)
  A bullfrog (D:13)
  A centaur skeleton (D:8)
  A leopard gecko (D:8)
  6 plants (D:11)
10 creatures vanquished.

Grand Total: 532 creatures vanquished

Notes
Turn   | Place    | Note
-------+----------+-------------------------------------------
     0 | D:1      | Amnesiac the Deep Elf Necromancer began the quest for the Orb.
     0 | D:1      | Reached XP level 1. HP: 10/10 MP: 6/6
    81 | D:1      | Reached skill level 1 in Fighting
    88 | D:1      | Reached XP level 2. HP: 9/16 MP: 2/8
   401 | D:2      | Found a stormy altar of Qazlal.
   453 | D:2      | Found a glowing silver altar of Zin.
   623 | D:2      | Reached XP level 3. HP: 15/21 MP: 2/9
   628 | D:2      | Learned a level 3 spell: Vampiric Draining
   632 | D:2      | Learned a level 3 spell: Regeneration
   748 | D:2      | Found a snail-covered altar of Cheibriados.
  1445 | D:1      | Reached XP level 4. HP: 26/27 MP: 0/10
  1843 | D:2      | Found a sacrificial altar of Ru.
  1896 | D:2      | Found a faded altar of an unknown god.
  2181 | D:3      | Noticed an ice beast
  2269 | D:3      | Found a shattered altar of Ashenzari.
  2269 | D:3      | Noticed Jessica
  2274 | D:3      | Noticed a phantom
  2276 | D:3      | Killed Jessica
  2276 | D:3      | Reached XP level 5. HP: 29/32 MP: 5/11
  2529 | D:3      | Killed an ice beast
  2543 | D:3      | Reached XP level 6. HP: 8/38 MP: 0/12
  2841 | D:3      | Noticed Amnesiac's ghost (amateur SpWz)
  3297 | D:4      | Found an opulent altar of Gozag.
  3676 | D:3      | Found a glowing golden altar of the Shining One.
  3866 | D:4      | Found a deep blue altar of Sif Muna.
  3890 | D:4      | Became a worshipper of Sif Muna the Loreminder
  3963 | D:4      | Reached skill level 5 in Necromancy
  4104 | D:5      | Entered Level 5 of the Dungeon
  4148 | D:5      | Paralysed by an orc for 3 turns
  4319 | D:5      | Reached XP level 7. HP: 23/44 MP: 10/15
  4328 | D:5      | Reached skill level 5 in Spellcasting
  4553 | D:5      | Reached skill level 6 in Necromancy
  4570 | D:5      | Found a white marble altar of Elyvilon.
  4572 | D:5      | Found a shimmering altar of Xom.
  4572 | D:5      | Found a sacrificial altar of Ru.
  4574 | D:5      | Found an ancient bone altar of Kikubaaqudgha.
  4574 | D:5      | Found a shimmering altar of Xom.
  4574 | D:5      | Found a sparkling altar of Nemelex Xobeh.
  4732 | D:5      | Found a staircase to the Ecumenical Temple.
  4959 | D:6      | Reached * piety under Sif Muna
  4965 | D:6      | Found an iron altar of Okawaru.
  4969 | D:6      | Found Aptiwk's Antique Armour Shoppe.
  4978 | D:6      | Noticed Regeox's ghost (novice HOFi)
  5057 | D:6      | Reached skill level 7 in Necromancy
  5118 | D:6      | Reached XP level 8. HP: 48/48 MP: 13/19
  5181 | D:6      | Found Nuczoy Alogu's Armour Shoppe.
  5186 | D:6      | Found Goavoeh's Antique Armour Boutique.
  5208 | D:6      | Reached skill level 8 in Necromancy
  5390 | D:6      | Found a runed door.
  5438 | D:6      | Found Zekkaon's Jewellery Boutique.
  5590 | D:6      | Killed Regeox's ghost
  5590 | D:6      | Reached ** piety under Sif Muna
  5590 | D:6      | Reached skill level 9 in Necromancy
  5628 | D:6      | Noticed Crazy Yiuf
  5632 | D:6      | Killed Crazy Yiuf
  5643 | D:6      | Got a polished mace
  5644 | D:6      | Identified the +1 mace of Gloom {antimagic, +Blink} (You found it on level 6 of the Dungeon)
  5723 | D:7      | Found a runed door.
  5725 | D:7      | Found a runed gate.
  5751 | D:7      | Reached skill level 10 in Necromancy
  5759 | D:7      | Reached XP level 9. HP: 41/52 MP: 23/23
  5784 | D:7      | Found the +9 staff of Olgreb {rPois}
  5785 | D:7      | Reached skill level 5 in Dodging
  5793 | D:7      | Reached skill level 5 in Fighting
  5911 | D:7      | Found a runed door.
  5915 | D:7      | Found a runed gate.
  6315 | D:7      | Found a runed gate.
  6371 | D:7      | Learned a level 3 spell: Conjure Flame
  6376 | D:7      | Reached skill level 10 in Spellcasting
  6378 | D:7      | Reached *** piety under Sif Muna
  6788 | D:8      | Found a bloodstained altar of Trog.
  6830 | D:8      | Noticed an elephant
  6850 | D:8      | Killed an elephant
  6850 | D:8      | Reached XP level 10. HP: 48/59 MP: 19/28
  6863 | D:8      | Noticed a two-headed ogre
  6867 | D:8      | Reached **** piety under Sif Muna
  6887 | D:8      | Killed a two-headed ogre
  6887 | D:8      | Reached skill level 11 in Necromancy
  6909 | D:8      | Found a staircase to the Lair.
  6954 | D:8      | Noticed Pikel
  6967 | D:8      | Killed Pikel
  7024 | D:8      | Reached skill level 12 in Necromancy
  7145 | D:8      | Reached ***** piety under Sif Muna
  7155 | D:8      | Noticed Amnesiac's ghost (novice SpWz)
  7191 | D:8      | Killed Amnesiac's ghost
  7191 | D:8      | Identified Sif Muna's Handbook of Big Damage (Sif Muna gifted it to you on level 8 of the Dungeon)
  7191 | D:8      | Received a gift from Sif Muna
  7199 | D:8      | Learned a level 5 spell: Dispel Undead
  7208 | D:8      | Learned a level 8 spell: Infestation
  7216 | D:8      | Learned a level 7 spell: Haunt
  7519 | D:8      | Got a bronze ring mail
  7795 | D:9      | Reached skill level 13 in Necromancy
  7813 | D:9      | Noticed a two-headed ogre
  7819 | D:9      | Learned a level 3 spell: Mephitic Cloud
  7843 | D:9      | Reached skill level 1 in Invocations
  7866 | D:9      | Found a blossoming altar of Fedhas.
  7932 | D:9      | Noticed a hand axe
  7933 | D:9      | Noticed a dagger
  7933 | D:9      | Found a hide-covered altar of Uskayaw.
  8064 | D:9      | Reached XP level 11. HP: 33/63 MP: 0/30
  8082 | D:9      | Reached skill level 5 in Invocations
  8147 | D:9      | Found a radiant altar of Vehumet.
  8318 | D:9      | Found a hazy altar of Hepliaklqana.
  8433 | D:9      | Found a basalt altar of Yredelemnul.
  8554 | D:10     | Entered Level 10 of the Dungeon
  8554 | D:10     | Found a staircase to the Orcish Mines.
  8742 | D:10     | Killed a two-headed ogre
  8791 | D:10     | Learned a level 4 spell: Animate Dead
  9124 | D:9      | Identified the cursed +1 ring mail of Parlour Games {*Corrode rPois Dex+4} (You found it on level 8 of the Dungeon)
  9760 | Orc:1    | Entered Level 1 of the Orcish Mines
 10286 | Orc:1    | Reached skill level 14 in Necromancy
 10316 | Orc:1    | Noticed Klosterheim's ghost (journeyman DrTm)
 10320 | Orc:1    | Killed Klosterheim's ghost
 10572 | Orc:1    | Received a gift from Sif Muna
 10695 | Orc:1    | Learned a level 5 spell: Bolt of Draining
 10887 | Orc:1    | Noticed an orc warlord
 10923 | Orc:1    | Killed an orc warlord
 10923 | Orc:1    | Reached XP level 12. HP: 38/68 MP: 0/32
 11335 | Orc:1    | Noticed an ogre mage
 11385 | Orc:2    | Entered Level 2 of the Orcish Mines
 11385 | Orc:2    | Found Jeuled's Book Shop.
 11410 | Orc:2    | Found Etwuimp's Antique Weapon Emporium.
 11850 | Orc:1    | Reached skill level 15 in Spellcasting
 11927 | Orc:2    | Reached skill level 15 in Necromancy
 11967 | Orc:2    | Noticed Saint Roka
 12076 | Orc:2    | Noticed an orc high priest
 12081 | Orc:2    | Killed an orc high priest
 12458 | Orc:2    | Found a staircase to the Elven Halls.
 12746 | Orc:2    | Found Wyut's Jewellery Emporium.
 12800 | Orc:2    | Found Zysk's Food Shop.
 12819 | Orc:2    | Noticed an ettin
 12824 | Orc:2    | Killed an ettin
 12861 | Orc:2    | Found Jiuniamm's General Store.
 12927 | Orc:2    | Received a gift from Sif Muna
 12941 | Orc:2    | Reached skill level 16 in Necromancy
 12954 | Orc:2    | Learned a level 5 spell: Borgnjor's Vile Clutch
 12976 | Orc:2    | Noticed Nergalle
 12979 | Orc:2    | Killed Nergalle
 13001 | Orc:2    | Killed Saint Roka
 13239 | Orc:2    | Found a roughly hewn altar of Beogh.
 13283 | Orc:2    | Found Buazxy's General Store.
 13335 | Orc:2    | Found Nuweas's Antique Armour Shop.
 13486 | Orc:2    | Found Dotaepid's Jewellery Shop.
 13501 | Orc:2    | Found Pufilul's Antique Weapon Shop.
 13699 | Orc:2    | Bought a runed helmet for 202 gold pieces
 13721 | Orc:2    | Bought a +6 ring of protection for 936 gold pieces
 13751 | Elf:1    | Entered Level 1 of the Elven Halls
 13762 | Elf:1    | Noticed a deep elf elementalist
 14654 | D:11     | Reached skill level 17 in Necromancy
 14660 | D:11     | Reached XP level 13. HP: 55/72 MP: 0/35
 14679 | D:11     | Got a translucent spear
 14680 | D:11     | Identified the cursed +3 spear of Wrongful Imprisonment {speed, rPois Int-2 Dex+3} (You found it on level 11 of the Dungeon)
 14868 | D:11     | Found a runed door.
 14996 | D:11     | Found a runed door.
 15014 | D:11     | Found a runed door.
 15025 | D:11     | Found a runed door.
 16146 | D:12     | Received a gift from Sif Muna
 16679 | D:12     | Reached skill level 18 in Necromancy
 16813 | D:13     | Noticed Azrael
 16987 | D:13     | Noticed Frances
 17784 | D:13     | Killed Azrael
 17793 | D:13     | Killed Frances
 18075 | D:13     | You fall through a shaft for 2 floors!
 18075 | D:15     | Entered Level 15 of the Dungeon
 18261 | D:15     | Identified Sif Muna's Guide on Supportive Battle Magic (Sif Muna gifted it to you on level 15 of the Dungeon)
 18261 | D:15     | Received a gift from Sif Muna
 18261 | D:15     | Reached skill level 19 in Necromancy
 18591 | D:13     | HP: 1/72 [death knight/halberd (21)]
 18602 | D:13     | Killed by mirror damage

Vault maps used:
D:1:      minmay_arrival_hallway
D:2:      nicolae_qazlal_general_emergency, cheibriados_altar_1,
          nicolae_ru_path_of_blood, lemuel_round_altar,
          chequers_ecumenical_altar_simple, corexii_item_surrounded_by_moat
D:3:      tso_altar, ashenzari_altar_1, first_ration, uniq_jessica
D:4:      kennysheep_little_box, overflow_temple_1_default
D:5:      doesnt_xom_only_xom, temple_doors_cd
D:6:      old_standard_altar, serial_shops, nicolae_shop_trees,
          nicolae_shop_trees, shop, nicolae_shop_behind_doors,
          uniq_crazy_yiuf_cottage
D:7:      grunt_ogre_cave, minmay_guarded_unrand_staff_of_olgreb
D:8:      lemuel_doored_altar, david_lair_generic, uniq_pikel
D:9:      kennysheep_mini, lemuel_coloured_pillars_altar,
          nicolae_overflow_crystal_walls, dancing_weapons_uskayaw,
          old_standard_altar
D:10:     orc_0_dummy
D:11:     wad_woods_settlement, minmay_statue_crystal_thing
D:12:     cheibrodos_magma_flow, eino_jars
D:13:     david_vaults_4, basic_altar, grunt_tough_drop, uniq_frances,
          uniq_azrael
D:14:     mumra_transporter_accident,
          nicolae_gozag_cash_rules_everything_around_me, uniq_nessos
D:15:     hangedman_depths_entry_civil_slaughter, serial_shops,
          nicolae_shop_temple_entry_statues_fountains, moated_statue
Orc:1:    lemuel_ogre_cave
Orc:2:    grunt_orc_cross, serial_shops, shop, shop, shop, shop_fountains,
          nicolae_shop_statue_plus, nicolae_orc_crystal_geode
Elf:1:    minmay_the_grid_square_5x5_3x3, minmay_elf_demonology

Skill      XL: |  1  2  3  4  5  6  7  8  9 10 11 12 13 |
---------------+----------------------------------------+-----
Fighting       | 1 2 3 4 5 |  5.0
Dodging        | 3 4 5 |  5.0
Necromancy     | 5 7 10 13 14 17 19 | 19.1
Spellcasting   | 4 6 8 12 13 14 16 17 | 17.6
Invocations    | 4 8 |  8.0
Stealth        | |  2.4

Action                   |  1- 3 |  4- 6 |  7- 9 | 10-12 | 13-15 || total
-------------------------+-------+-------+-------+-------+-------++-------
Melee: Dagger            |       |     7 |       |       |       ||     7
       Falchion          |       |     3 |   202 |   201 |    72 ||   478
 Cast: Pain              |    71 |   152 |     9 |       |       ||   232
       Regeneration      |     2 |     2 |    17 |     6 |     3 ||    30
       Vampiric Draining |       |     9 |    29 |   156 |    32 ||   226
       Conjure Flame     |       |       |     4 |    14 |       ||    18
       Dispel Undead     |       |       |       |    38 |     9 ||    47
       Bolt of Draining  |       |       |       |   134 |   102 ||   236
       Mephitic Cloud    |       |       |       |     4 |       ||     4
       Animate Dead      |       |       |       |     3 |     3 ||     6
       Infestation       |       |       |       |     3 |       ||     3
       Borgnjor's Vile C |       |       |       |     1 |    16 ||    17
       Haunt             |       |       |       |       |     2 ||     2
Invok: Divine Energy     |       |       |     1 |       |       ||     1
       Channel Magic     |       |       |       |       |     3 ||     3
Evoke: Wand              |       |       |       |     2 |       ||     2
  Use: Scroll            |       |       |       |    16 |    13 ||    29
       Potion            |       |       |       |     5 |     3 ||     8
 Stab: Sleeping          |       |       |     5 |     3 |     1 ||     9
       Distracted        |       |       |       |     1 |       ||     1
       Confused          |       |       |       |     1 |       ||     1
  Eat: Chunk             |     1 |    10 |    13 |    29 |    10 ||    63
       Ration            |       |       |       |     1 |     1 ||     2
Armor: Robe              |       |    12 |    40 |    59 |    91 ||   202
Dodge: Dodged            |     4 |    30 |   206 |   320 |   158 ||   718
Block: Other             |       |       |    16 |    59 |       ||    75
       Reflection        |       |       |       |     3 |       ||     3
       Rpst.: Falchion   |       |     1 |    69 |    84 |    43 ||   197

Table legend:
 A = Spawn XP
 B = Non-spawn XP
 C = Spawn XP percentage of total XP
 D = Spawn monster count
 E = Non-spawn monster count
 F = Spawn count percentage of total count
 G = Total turns spent on level
                    A         B        C        D         E        F      G
               +---------+---------+-------+---------+---------+-------+---------
         Total |       0 |   62303 |   0.0 |       0 |     523 |   0.0 | 18602
               +---------+---------+-------+---------+---------+-------+---------
           D:1 |       0 |      68 |   0.0 |       0 |      26 |   0.0 |   841
           D:2 |       0 |     119 |   0.0 |       0 |      27 |   0.0 |  1579
           D:3 |       0 |     288 |   0.0 |       0 |      27 |   0.0 |   980
           D:4 |       0 |     189 |   0.0 |       0 |      18 |   0.0 |   704
           D:5 |       0 |     398 |   0.0 |       0 |      14 |   0.0 |   699
           D:6 |       0 |    1524 |   0.0 |       0 |      22 |   0.0 |   885
           D:7 |       0 |    2352 |   0.0 |       0 |      36 |   0.0 |  1064
           D:8 |       0 |    4080 |   0.0 |       0 |      31 |   0.0 |  1044
           D:9 |       0 |    2731 |   0.0 |       0 |      24 |   0.0 |  1048
          D:10 |       0 |    3436 |   0.0 |       0 |      30 |   0.0 |   936
          D:11 |       0 |    5207 |   0.0 |       0 |      46 |   0.0 |  1194
          D:12 |       0 |    9808 |   0.0 |       0 |      61 |   0.0 |  2210
          D:13 |       0 |    6768 |   0.0 |       0 |      20 |   0.0 |   652
          D:15 |       0 |    4302 |   0.0 |       0 |       9 |   0.0 |   222
         Orc:1 |       0 |    8143 |   0.0 |       0 |      59 |   0.0 |  1959
         Orc:2 |       0 |   12327 |   0.0 |       0 |      72 |   0.0 |  2546
         Elf:1 |       0 |     563 |   0.0 |       0 |       1 |   0.0 |    27
               +---------+---------+-------+---------+---------+-------+---------
